 Dungeon Crawl Stone Soup version 0.32-a0-938-g40ac7a0f4d (webtiles) character file.

Game seed: 14736239075869686672

1041 KennySheep the Digger (level 8, -1/41 HPs)
             Began as a Deep Elf Wanderer on Apr 15, 2024.
             Was a Believer of Elyvilon.
             Slain by a gnoll
             ... wielding a +0 halberd
              (5 damage)
             ... on level 5 of the Dungeon.
             The game lasted 00:14:39 (4342 turns).

KennySheep the Digger (Deep Elf Wanderer)           Turns: 4342, Time: 00:14:39

Health: -1/41      AC:  6    Str: 12    XL:     8   Next: 4%
Magic:  8/17       EV:  5    Int: 17    God:    Elyvilon [**....]
Gold:   127        SH:  0    Dex: 14    Spells: 12/16 levels left

rFire   . . .        a - +0 dagger
rCold   . . .        (no shield)
rNeg    . . .        c - +0 robe
rPois   .            (no helmet)
rElec   .            (no cloak)
rCorr   +            (no gloves)
SInv    .            (no boots)
Will    .....        (no amulet)
Stlth   +            f - ring of resist corrosion
HPRegen 0.26/turn    m - +4 ring of protection
MPRegen 0.15/turn

%: no passive effects
@: held
A: no striking features
a: Renounce Religion, Purification, Heal Other


You were on level 5 of the Dungeon.
You worshipped Elyvilon.
Elyvilon was pleased with you.
You visited 1 branch of the dungeon, and saw 5 of its levels.

You collected 127 gold pieces.

Inventory:

Hand Weapons
 a - a +0 dagger (weapon)
Armour
 c - a +0 robe (worn)
Jewellery
 f - a ring of resist corrosion (left hand)
 m - a +4 ring of protection (right hand)
Wands
 b - a wand of flame (12)
 s - a wand of iceblast (5)
Scrolls
 d - 4 scrolls of blinking
 g - a scroll of noise
 h - 3 scrolls of fear {unknown}
 k - 5 scrolls of identify {unknown}
 l - a scroll of butterflies {unknown}
 o - a scroll of torment {unknown}
 p - a scroll of poison {unknown}
 r - a scroll of vulnerability {unknown}
Potions
 e - 2 potions of brilliance
 i - a potion of enlightenment {unknown}
 j - 3 potions of curing
 n - a potion of haste {unknown}
 q - a potion of might {unknown}


   Skills:
 + Level 2.7 Dodging
 - Level 3.2 Unarmed Combat
 + Level 4.8 Spellcasting
 * Level 4.9 Conjurations
 * Level 6.0 Earth Magic
 + Level 2.3 Invocations
 + Level 4.3 Evocations
 - Level 1.1 Shapeshifting


You had 12 spell levels left.
You knew the following spells:

 Your Spells              Type           Power      Damage    Failure   Level
a - Sandblast             Erth           48%        2d12      1%          1
b - Stone Arrow           Conj/Erth      44%        3d9       4%          3

Your spell library contained the following spells:

 Spells                   Type           Power      Damage    Failure   Level


Dungeon Overview and Level Annotations

Branches:
Dungeon (5/15)
 Temple: D:4-7

Altars:
Ashenzari
Elyvilon
Ru
Xom

Shops:
D:1 (


Message History

Aiming: Sandblast (safe; 1% risk of failure)
Press: ? - help, Q - select action, (/) - cycle Shift-Dir - straight line, f/p - gnoll
Aim: a gnoll, wielding a +0 halberd, wearing a +0 scale mail and quivering a throwing net (heavily wounded, 87% to hit)
The blast of sand hits the gnoll.
The gnoll is heavily wounded.
The gnoll completely misses you.
The gnoll hits you from afar with a +0 halberd.
Aiming: Sandblast (safe; 1% risk of failure)
Press: ? - help, Q - select action, (/) - cycle Shift-Dir - straight line, f/p - gnoll
Aim: a gnoll, wielding a +0 halberd, wearing a +0 scale mail and quivering a throwing net (heavily wounded, 87% to hit)
The blast of sand hits the gnoll but does no damage.
The gnoll is heavily wounded.
The gnoll hits you from afar with a +0 halberd.
Aiming: Sandblast (safe; 1% risk of failure)
Press: ? - help, Q - select action, (/) - cycle Shift-Dir - straight line, f/p - gnoll
Aim: a gnoll, wielding a +0 halberd, wearing a +0 scale mail and quivering a throwing net (heavily wounded, 87% to hit)
The blast of sand hits the gnoll but does no damage.
The gnoll is heavily wounded.
The gnoll hits you from afar with a +0 halberd. x2
Aiming: Sandblast (safe; 1% risk of failure)
Press: ? - help, Q - select action, (/) - cycle Shift-Dir - straight line, f/p - gnoll
Aim: a gnoll, wielding a +0 halberd, wearing a +0 scale mail and quivering a throwing net (heavily wounded, 87% to hit)
The blast of sand hits the gnoll but does no damage.
The gnoll is heavily wounded.
The gnoll hits you from afar with a +0 halberd!
* * * LOW HITPOINT WARNING * * *
Your magical contamination has completely faded away.
You tear a large gash into the net.
The gnoll barely misses you.
You struggle against the net.
The gnoll hits you from afar with a +0 halberd!
* * * LOW HITPOINT WARNING * * *
Aiming: Sandblast (safe; 1% risk of failure)
Press: ? - help, Q - select action, (/) - cycle Shift-Dir - straight line, f/p - gnoll
Aim: a gnoll, wielding a +0 halberd, wearing a +0 scale mail and quivering a throwing net (heavily wounded, 87% to hit)
The blast of sand hits the gnoll.
The gnoll is severely wounded.
The gnoll hits you from afar with a +0 halberd.
Elyvilon protects you from harm!
The gnoll hits you from afar with a +0 halberd.
You die...

..# . ..#h# ..#.##.
....... .......
.......
#######....... .##
#.).)@.g...... ..#
#.#####[.#.### ...
#.# ..... #.# #.#
....... #.# ##.#
###.... #
##.####..# ####
#.##...##.#.#
#........###.)...g.
####...##.# ######.


You could see a gnoll.

Vanquished Creatures
  A black bear (D:4)
  3 ogres
  A bullfrog (D:4)
  5 orc priests
  3 hounds
  Jessica (D:2)
  Natasha (thrice) (D:2)
  3 orc wizards
  Robin (D:2)
  2 gnolls (D:5)
  7 adders
  A white imp (D:5)
  4 ufetubi (D:4)
  3 dart slugs
  3 ribbon worms (D:2)
  14 orcs
  5 ball pythons
  5 endoplasms
  2 giant cockroaches
  8 hobgoblins
  2 kobolds
  2 quokkas
  9 bats
  7 frilled lizards
  20 goblins
  2 rats
117 creatures vanquished.

Notes
Turn   | Place    | Note
-------+----------+-------------------------------------------
     0 | D:1      | KennySheep the Deep Elf Wanderer began the quest for the
                  | Orb.
     0 | D:1      | KennySheep set off with the following items: a +0 dagger, a
                  | wand of flame (6), a +0 robe, 3 scrolls of blinking; and
                  | the following spell memorised: Sandblast; and the following
                  | spells available to memorise: Stone Arrow.
     0 | D:1      | Reached XP level 1. HP: 10/10 MP: 5/5
   291 | D:1      | Reached XP level 2. HP: 15/15 MP: 4/7
   641 | D:1      | Found Bum Asi's Antique Weapon Shoppe.
   753 | D:1      | Reached skill level 3 in Earth Magic
  1127 | D:2      | Reached XP level 3. HP: 19/19 MP: 6/8
  1336 | D:2      | Noticed Natasha
  1341 | D:2      | Killed Natasha
  1342 | D:2      | Reached skill level 1 in Conjurations
  1342 | D:2      | Reached XP level 4. HP: 24/24 MP: 5/9
  1584 | D:2      | Noticed Jessica
  1588 | D:2      | Killed Jessica
  1590 | D:2      | Noticed Robin
  1615 | D:2      | Killed Robin
  1755 | D:2      | Learned a level 3 spell: Stone Arrow
  1794 | D:2      | Noticed Natasha
  1798 | D:2      | Killed Natasha
  1799 | D:2      | Reached skill level 4 in Earth Magic
  1799 | D:2      | Reached XP level 5. HP: 21/28 MP: 8/11
  2099 | D:2      | Noticed Natasha
  2103 | D:2      | Killed Natasha
  2172 | D:3      | Found a broken altar of Ashenzari.
  2411 | D:3      | Found a faded altar of an unknown god.
  2421 | D:3      | Prayed at the altar of an unknown god.
  2421 | D:3      | Became a worshipper of Elyvilon the Healer
  2421 | D:3      | Reached * piety under Elyvilon
  2494 | D:3      | Found a sacrificial altar of Ru.
  2512 | D:3      | Reached XP level 6. HP: 16/32 MP: 8/13
  3085 | D:4      | Found a shimmering altar of Xom.
  3149 | D:4      | Reached ** piety under Elyvilon
  3159 | D:4      | Reached skill level 1 in Dodging
  3160 | D:4      | Reached skill level 1 in Invocations
  3239 | D:4      | Reached skill level 5 in Earth Magic
  3377 | D:4      | Reached XP level 7. HP: 21/36 MP: 10/15
  3895 | D:5      | Entered Level 5 of the Dungeon
  4271 | D:5      | Reached skill level 6 in Earth Magic
  4271 | D:5      | Reached XP level 8. HP: 41/41 MP: 8/17
  4342 | D:5      | Elyvilon protects you from harm!
  4342 | D:5      | Slain by a gnoll

Illustrated notes

Levels and vault maps discovered:
D:1:      tarquinn_simple_flora_water_a, layout_basic, serial_shops, shop,
          dreamdust_princess_corridor
D:2:      layout_basic, uniq_natasha, uniq_robin, uniq_jessica
D:3:      layout_rooms, evilmike_ruin_ashenzari,
          nicolae_ru_sacrificial_ziggurat,
          dreamdust_ecumenical_altar_sealed_demon
D:4:      layout_loops_ring, mainiacjoe_overflow_catwalk,
          kennysheep_generic_room_12
D:5:      layout_loops_ring, lemuel_round_altar, uniq_duvessa

Skill      XL: |  1  2  3  4  5  6  7 |
---------------+----------------------+-----
Spellcasting   | 2 3 4 |  4.8
Earth Magic    | 3 4 5 6 |  6.0
Conjurations   | 1 2 3 4 |  4.9
Evocations     | 3 4 |  4.3
Dodging        | 1 2 |  2.7
Invocations    | 1 2 |  2.3
Unarmed Combat | |  3.2
Shapeshifting  | |  1.1

Action                     |  1- 3 |  4- 6 |  7- 9 || total
---------------------------+-------+-------+-------++-------
  Melee: Dagger            |     3 |     1 |       ||     4
   Cast: Sandblast         |    44 |   103 |    68 ||   215
    Use: Potion            |     2 |       |       ||     2
         Scroll            |     1 |       |       ||     1
 Armour: Robe              |    14 |    44 |    38 ||    96
  Dodge: Dodged            |     7 |    25 |    36 ||    68

Table legend: (Time is in decaauts)
 A = Elapsed time spent in this place.
 B = Non-inter-level travel time spent in this place.
 C = Inter-level travel time spent in this place.
 D = Time resting spent in this place.
 E = Time spent auto-exploring this place.
 F = Levels seen in this place.
 G = Mean time per level.
                   A        B        C        D        E       F      G
               +--------+--------+--------+--------+--------+-----+--------+
         Total |   4447 |   4335 |    112 |    299 |   3324 |   5 |  889.4 |
       Dungeon |   4447 |   4335 |    112 |    299 |   3324 |   5 |  889.4 |
               +--------+--------+--------+--------+--------+-----+--------+

Top non-repeatable levels by time:
     D:2: 1230 daAuts
     D:4: 986 daAuts
     D:1: 965 daAuts
     D:3: 792 daAuts
     D:5: 472 daAuts
